 Dungeon Crawl Stone Soup version 0.27-a0-1147-gb3d8e82157 (webtiles) character file.

Game seed: 16036023883203297789

19 HoaS the Insei (level 2, -2/22 HPs)
             Began as a Djinni Transmuter on May 11, 2021.
             Slain by a goblin
             ... wielding a +0 dagger
              (3 damage)
             ... on level 1 of the Dungeon.
             The game lasted 00:04:14 (1210 turns).

HoaS the Insei (Djinni Transmuter)                  Turns: 1210, Time: 00:04:14

Health: -2/22      AC:  3    Str:  9    XL:     2   Next: 75%
Gold:   57         EV: 12    Int: 14    God:
                   SH:  0    Dex: 13

rFire    + + .     SeeInvis .     - Unarmed
rCold    x . .     Faith    .   (no shield)
rNeg     . . .     Spirit   .   a - +0 robe
rPois    ∞         Reflect  .   (no helmet)
rElec    .         Harm     .   (no cloak)
rCorr    .         Rampage  .   b - +0 pair of gloves
Will     .....                  (boots unavailable)
Stlth    +.........             (no amulet)
HPRegen  0.07/turn              (no ring)
MPRegen  0.00/turn              (no ring)

@: flying
A: sickness immunity, fire resistance 2, cold vulnerability 1, float, innate
caster, hp casting, extra vitality 1
a: no special abilities


You were on level 1 of the Dungeon.
You visited 1 branch of the dungeon, and saw 2 of its levels.

You collected 57 gold pieces.

Inventory:

Armour
 a - a +0 robe (worn)
 b - a +0 pair of gloves (worn)
Potions
 c - a potion of invisibility {unknown}
 d - a potion of haste {unknown}
 e - a potion of curing {unknown}
 g - a potion of brilliance {unknown}
 h - a potion of berserk rage {unknown}
 i - a potion of flight {unknown}
 j - 2 potions of mutation {unknown}


   Skills:
 + Level 1.3 Fighting
 + Level 2.3 Dodging
 * Level 3.3 Unarmed Combat
 * Level 2.1 Spellcasting


You couldn't memorise any spells.
You knew the following spells:

 Your Spells              Type           Power      Damage    Failure   Level
a - Beastly Appendage     Tmut           14%        N/A       10%         1
b - Wereblood             Tmut           7%         N/A       14%         2
c - Spider Form           Tmut/Pois      3%         N/A       28%         3
d - Ice Form              Ice/Tmut       7%         N/A       67%         4
e - Hydra Form            Tmut           3%         N/A       95%         5
Your spell library was empty.

Dungeon Overview and Level Annotations

Branches:
Dungeon (2/15)

Altars:

Shops:
D:1 [


Innate Abilities, Weirdness & Mutations

You are immune to sickness and miasma.
You are immune to poison.
Your flesh is very heat resistant. (rF++)
You are vulnerable to cold. (rC-)
You float through the air rather than walking.
You learn spells naturally, not from books.
Your magical power is your life essence.
You have superior vitality. (+4 HP)


Message History

The adder is heavily wounded.
The goblin hits you with a +0 dagger. The adder bites you but does no damage.
You closely miss the adder.
The adder is heavily wounded.
The adder bites you. The goblin hits you but does no damage.
You completely miss the adder.
The adder is heavily wounded.
The adder bites you. The goblin misses you.
You miss the adder.
The adder is heavily wounded.
The adder bites you. The goblin hits you with a +0 dagger. The adder bites you.
You closely miss the adder.
The adder is heavily wounded.
The goblin barely misses you. The adder closely misses you.
You closely miss the adder.
The adder is heavily wounded.
The adder bites you. The goblin hits you with a +0 dagger.
You miss the adder.
The adder is heavily wounded.
The adder barely misses you. The goblin hits you with a +0 dagger.
* * * LOW HITPOINT WARNING * * *
You hit the adder but do no damage.
The adder is heavily wounded.
The adder barely misses you. The goblin misses you. The adder bites you.
* * * LOW HITPOINT WARNING * * *
You barely miss the adder.
The adder is heavily wounded.
The goblin barely misses you. The adder closely misses you.
You closely miss the adder.
The adder is heavily wounded.
The adder bites you but does no damage. The goblin closely misses you.
You miss the adder.
The adder is heavily wounded.
The adder misses you. The goblin hits you but does no damage.
You hit the adder.
The adder is almost dead.
The adder bites you.
* * * LOW HITPOINT WARNING * * *
The goblin hits you with a +0 dagger.
You die...

######## .......#
.......######################
.......'.......g@#..........#
.......##......#S#..........#
.......##......#.#...(......#
#########......#............#
## #......#............# .#
#......#+#..........# .#
###'#...............# .#
#.#...............# ##
####+#...............#


You could see an adder and a goblin.

Vanquished Creatures
  3 endoplasms (D:1)
  2 goblins (D:1)
  3 hobgoblins (D:1)
  3 kobolds (D:1)
  2 quokkas (D:1)
  A bat (D:1)
  3 frilled lizards (D:1)
  A rat (D:1)
18 creatures vanquished.

Notes
Turn   | Place    | Note
-------+----------+-------------------------------------------
     0 | D:1      | HoaS the Djinni Transmuter began the quest for the Orb.
     0 | D:1      | Reached XP level 1. HP: 17/17 MP: 0/0
   160 | D:1      | Reached XP level 2. HP: 5/22 MP: 0/0
  1117 | D:1      | Found Geepn's Antique Armour Emporium.
  1210 | D:1      | HP: 1/22 [adder (3)]
  1210 | D:1      | Slain by a goblin

Illustrated notes

Levels and vault maps discovered:
D:1:      dpeg_arrival_rooms_a, layout_basic, serial_shops,
          nicolae_shop_temple_entry_statues_fountains, hangedman_decor_lopped,
          minmay_tetromino_o4
D:2:      layout_loops_cross, serial_shops, nicolae_shop_overgrown_old_shop,
          grunt_decor_mini_mirrors, grunt_decor_fettered,
          kennysheep_pointless_box, uniq_crazy_yiuf_cottage

Skill      XL: |  1  2 |
---------------+-------+-----
Spellcasting   | 2 |  2.1
Fighting       | |  1.3
Dodging        | |  2.3
Unarmed Combat | |  3.3

Action                   || total
-------------------------++-------
Melee: Unarmed           ||    86
       Punch             ||     1
  Use: Scroll            ||     1
 Stab: Sleeping          ||     2
Armor: Robe              ||    19
Dodge: Dodged            ||    52

Table legend: (Time is in decaauts)
 A = Elapsed time spent in this place.
 B = Non-inter-level travel time spent in this place.
 C = Inter-level travel time spent in this place.
 D = Time resting spent in this place.
 E = Time spent auto-exploring this place.
 F = Levels seen in this place.
 G = Mean time per level.
                   A        B        C        D        E       F      G
               +--------+--------+--------+--------+--------+-----+--------+
         Total |   1206 |   1185 |     21 |    503 |    474 |   2 |  603.0 |
       Dungeon |   1206 |   1185 |     21 |    503 |    474 |   2 |  603.0 |
               +--------+--------+--------+--------+--------+-----+--------+

Top non-repeatable levels by time:
     D:1: 1203 daAuts
     D:2: 2 daAuts
